 Dungeon Crawl Stone Soup version 0.28-a0-1235-g7c8fac35f0 (webtiles) character file.

Game seed: 3349752320493132858

591 Gargoyl the Skirmisher (level 7, 0/60 HPs)
             Began as a Gnoll Abyssal Knight on Dec 25, 2021.
             Was a Believer of Lugonu.
             Succumbed to a scorpion's poison
             ... on level 5 of the Dungeon.
             The game lasted 00:04:40 (5399 turns).

Gargoyl the Skirmisher (Gnoll Abyssal Knight)       Turns: 5399, Time: 00:04:40

Health: 0/60       AC:  7    Str: 15    XL:     7   Next: 39%
Magic:  11/11      EV: 10    Int:  9    God:    Lugonu [**....]
Gold:   219        SH:  0    Dex: 12    Spells: 10/10 levels left

rFire   . . .      SeeInvis .   a - +1 hand axe
rCold   . . .      Faith    .   (no shield)
rNeg    . . .      Spirit   .   g - +0 scale mail
rPois   .          Reflect  .   (no helmet)
rElec   .          Harm     .   (no cloak)
rCorr   .          Rampage  .   (no gloves)
Will    .....                   (no boots)
Stlth   +.........              (no amulet)
HPRegen 0.20/turn               (no ring)
MPRegen 0.12/turn               (no ring)

@: mighty, lethally poisoned (0 -> -5)
A: fangs 1, strong nose, distributed training
a: Renounce Religion, Depart the Abyss, Bend Space


You were on level 5 of the Dungeon.
You worshipped Lugonu.
Lugonu was pleased with you.
You visited 1 branch of the dungeon, and saw 5 of its levels.
You visited the Abyss 1 time.

You collected 219 gold pieces.

Inventory:

Hand Weapons
 a - a +1 hand axe (weapon)
Missiles
 c - 13 poisoned darts (quivered)
Armour
 g - a +0 scale mail (worn)
Jewellery
 k - a ring of willpower
Scrolls
 f - a scroll of fog
 j - a scroll of teleportation
Potions
 b - a potion of curing
 d - 3 potions of cancellation
 e - a potion of might
 h - a potion of lignification {unknown}


   Skills:
 + Level 7.0 Fighting
 + Level 2.4 Short Blades
 + Level 2.4 Long Blades
 + Level 5.2 Axes
 + Level 2.4 Maces & Flails
 + Level 2.4 Polearms
 + Level 2.4 Staves
 + Level 2.4 Slings
 + Level 2.4 Bows
 + Level 2.4 Crossbows
 + Level 2.4 Throwing
 + Level 5.2 Armour
 + Level 3.6 Dodging
 + Level 2.4 Stealth
 + Level 2.4 Shields
 + Level 2.4 Unarmed Combat
 + Level 2.4 Spellcasting
 + Level 2.0 Conjurations
 + Level 2.0 Hexes
 + Level 2.0 Summonings
 + Level 2.0 Necromancy
 + Level 2.0 Translocations
 + Level 2.0 Transmutations
 + Level 2.0 Fire Magic
 + Level 2.0 Ice Magic
 + Level 2.0 Air Magic
 + Level 2.0 Earth Magic
 + Level 2.0 Poison Magic
 + Level 5.3 Invocations
 + Level 2.4 Evocations


You had 10 spell levels left.
You didn't know any spells.
Your spell library contained the following spells:

 Spells                   Type           Power      Damage    Failure   Level
 Freeze                   Ice            16%        1d4       45%         1
 Frozen Ramparts          Ice            8%         1d2       83%         3
 Hailstorm                Conj/Ice       4%         3d4       99%         4


Dungeon Overview and Level Annotations

Branches:
Dungeon (5/15)             Temple (0/1) D:4

Altars:
Qazlal
Wu Jian


Innate Abilities, Weirdness & Mutations

You have very sharp teeth.
Your uncanny sense of smell can sniff out nearby items.
Your experience applies equally to all skills.


Message History

You feel very mighty all of a sudden.
You feel very sick.
The scorpion stings you but does no damage.
Something hits you. Something shocks you.
* * * LOW HITPOINT WARNING * * *
You slash something! You hit the scorpion.
You feel sick. The scorpion barely misses you.
A sky beast appears from thin air!
Reactivating autopickup.
The sky beast hits you but does no damage.
Unknown command.
You hit the sky beast.
The sky beast is severely wounded.
You slash the scorpion!
You kill the scorpion!
Lugonu accepts your kill.
You feel sick.
The sky beast hits you but does no damage.
Your life force feels restored.
Your Conjurations skill increases to level 2!
Your Hexes skill increases to level 2!
Your Summonings skill increases to level 2!
Your Necromancy skill increases to level 2!
Your Translocations skill increases to level 2!
Your Transmutations skill increases to level 2!
Your Fire Magic skill increases to level 2!
Your Ice Magic skill increases to level 2!
Your Air Magic skill increases to level 2!
Your Earth Magic skill increases to level 2!
Your Poison Magic skill increases to level 2!
Unknown command.
You hit the sky beast.
The sky beast is almost dead.
You feel sick. The sky beast hits you.
* * * LOW HITPOINT WARNING * * *
The sky beast shocks you.
* * * LOW HITPOINT WARNING * * *
You slash the sky beast!
You kill the sky beast!
Lugonu accepts your kill.
You can now bend space around yourself.
You die...

...............
................
................
................
#...............
#..............
##..††........#
##...@......).#
#............#
#...##.......#
#...# ##.....## #
#...# #.....# ##
...# ##.....## ##.
..# #.......## ##..
.#
#.........#####..#
#....###....##...##


There were no monsters in sight!

Vanquished Creatures
  An ancient zyme (Abyss:2)
  A sky beast (D:5)
  A necrophage (D:5)
  2 scorpions
  A jelly (D:4)
  7 adders
  A worm (D:2)
  4 dart slugs
  5 orcs
  7 ball pythons
  5 endoplasms
  2 giant cockroaches (D:1)
  4 goblins
  5 hobgoblins
  9 jackals
  7 kobolds
  2 quokkas
  5 bats
  2 frilled lizards
  4 rats
75 creatures vanquished.

Notes
Turn   | Place    | Note
-------+----------+-------------------------------------------
     0 | Abyss:1  | Gargoyl the Gnoll Abyssal Knight began the quest for the
                  | Orb.
     0 | Abyss:1  | Reached XP level 1. HP: 23/23 MP: 3/3
    45 | Abyss:1  | Noticed a thrashing horror
    82 | Abyss:2  | Noticed an ancient zyme
    89 | Abyss:2  | HP: 1/23 [ancient zyme (3)]
    90 | Abyss:2  | Killed an ancient zyme
    91 | Abyss:2  | Reached skill level 1 in Short Blades
    91 | Abyss:2  | Reached skill level 1 in Long Blades
    91 | Abyss:2  | Reached skill level 1 in Maces & Flails
    91 | Abyss:2  | Reached skill level 1 in Polearms
    91 | Abyss:2  | Reached skill level 1 in Staves
    91 | Abyss:2  | Reached skill level 1 in Slings
    91 | Abyss:2  | Reached skill level 1 in Bows
    91 | Abyss:2  | Reached skill level 1 in Crossbows
    91 | Abyss:2  | Reached skill level 1 in Throwing
    91 | Abyss:2  | Reached skill level 1 in Stealth
    91 | Abyss:2  | Reached skill level 1 in Shields
    91 | Abyss:2  | Reached skill level 1 in Unarmed Combat
    91 | Abyss:2  | Reached skill level 1 in Spellcasting
    91 | Abyss:2  | Reached skill level 1 in Conjurations
    91 | Abyss:2  | Reached skill level 1 in Hexes
    91 | Abyss:2  | Reached skill level 1 in Summonings
    91 | Abyss:2  | Reached skill level 1 in Necromancy
    91 | Abyss:2  | Reached skill level 1 in Translocations
    91 | Abyss:2  | Reached skill level 1 in Transmutations
    91 | Abyss:2  | Reached skill level 1 in Fire Magic
    91 | Abyss:2  | Reached skill level 1 in Ice Magic
    91 | Abyss:2  | Reached skill level 1 in Air Magic
    91 | Abyss:2  | Reached skill level 1 in Earth Magic
    91 | Abyss:2  | Reached skill level 1 in Poison Magic
    91 | Abyss:2  | Reached skill level 5 in Invocations
    91 | Abyss:2  | Reached skill level 1 in Evocations
    91 | Abyss:2  | Reached XP level 2. HP: 2/29 MP: 3/5
    91 | Abyss:2  | Reached XP level 3. HP: 2/35 MP: 3/6
    91 | Abyss:2  | Reached XP level 4. HP: 3/41 MP: 3/7
    91 | Abyss:2  | Reached XP level 5. HP: 3/47 MP: 3/8
   124 | Abyss:2  | Noticed a wretched star
   125 | D:1      | Escaped the Abyss
   719 | D:1      | Reached XP level 6. HP: 53/53 MP: 9/9
   808 | D:1      | Found a faded altar of an unknown god.
   985 | D:1      | Reached * piety under Lugonu
  1960 | D:2      | Reached skill level 5 in Axes
  1960 | D:2      | Reached skill level 5 in Armour
  2090 | D:2      | You fall into a shaft and drop 1 floor!
  3484 | D:3      | Reached ** piety under Lugonu
  3735 | D:3      | Found an ornate altar of the Wu Jian Council.
  4159 | D:4      | Reached XP level 7. HP: 34/59 MP: 10/10
  4318 | D:4      | Identified the +2 robe of the World {rN+ Regen+ Str-2}
  4482 | D:4      | Found a staircase to the Ecumenical Temple.
  5218 | D:4      | Found a stormy altar of Qazlal.
  5297 | D:5      | Entered Level 5 of the Dungeon
  5334 | D:5      | Reached skill level 7 in Fighting
  5398 | D:5      | HP: 1/60 [sky beast (6)]
  5399 | D:5      | Succumbed to a scorpion's poison

Illustrated notes

Levels and vault maps discovered:
D:1:      roderic_chinese_lattice_arrival, layout_loops_corners,
          shapermc_ecumenical_altar_totnotflames
D:2:      layout_basic
D:3:      layout_loops_corners, mainiacjoe_overflow_alcove_2,
          kennysheep_nondescript, dk_noncrumbling_3
D:4:      layout_layer_cave, mainiacjoe_overflow_alcove_4,
          minmay_temple_entry_crystal_x, patterned_corridor
D:5:      layout_layer_cave, mainiacjoe_overflow_cross_hatched, corexii_shack,
          serial_bayou_lagoon_a

Skill      XL: |  1  2  3  4  5  6  7 |
---------------+----------------------+-----
Short Blades   | 1 2 |  2.4
Long Blades    | 1 2 |  2.4
Maces & Flails | 1 2 |  2.4
Polearms       | 1 2 |  2.4
Staves         | 1 2 |  2.4
Slings         | 1 2 |  2.4
Bows           | 1 2 |  2.4
Crossbows      | 1 2 |  2.4
Throwing       | 1 2 |  2.4
Dodging        | 3 |  3.6
Stealth        | 1 2 |  2.4
Shields        | 1 2 |  2.4
Unarmed Combat | 1 2 |  2.4
Spellcasting   | 1 2 |  2.4
Conjurations   | 1 2 |  2.0
Hexes          | 1 2 |  2.0
Summonings     | 1 2 |  2.0
Necromancy     | 1 2 |  2.0
Translocations | 1 2 |  2.0
Transmutations | 1 2 |  2.0
Fire Magic     | 1 2 |  2.0
Ice Magic      | 1 2 |  2.0
Air Magic      | 1 2 |  2.0
Earth Magic    | 1 2 |  2.0
Poison Magic   | 1 2 |  2.0
Invocations    | 5 |  5.3
Evocations     | 1 2 |  2.4
Axes           | 5 |  5.2
Armour         | 5 |  5.2
Fighting       | 7 |  7.0

Action                   |  1- 3 |  4- 6 |  7- 9 || total
-------------------------+-------+-------+-------++-------
Melee: Hand axe          |     2 |   229 |    53 ||   284
       Bite              |       |    20 |     1 ||    21
       Punch             |       |     1 |       ||     1
Invok: Depart the Abyss  |       |     1 |       ||     1
Evoke: Wand              |     6 |       |       ||     6
  Use: Scroll            |     1 |     8 |     4 ||    13
       Potion            |       |     1 |     1 ||     2
 Stab: Sleeping          |       |     2 |       ||     2
Armor: Leather armour    |       |     4 |       ||     4
       Scale mail        |       |    98 |    25 ||   123
Dodge: Dodged            |     4 |   144 |    25 ||   173

Table legend: (Time is in decaauts)
 A = Elapsed time spent in this place.
 B = Non-inter-level travel time spent in this place.
 C = Inter-level travel time spent in this place.
 D = Time resting spent in this place.
 E = Time spent auto-exploring this place.
 F = Levels seen in this place.
 G = Mean time per level.
                   A        B        C        D        E       F      G
               +--------+--------+--------+--------+--------+-----+--------+
         Total |   5400 |   5213 |    187 |      0 |   4368 |   7 |  771.4 |
       Dungeon |   5275 |   5088 |    187 |      0 |   4267 |   5 | 1055.0 |
         Abyss |    124 |    124 |      0 |      0 |    101 |   2 |   62.0 |
               +--------+--------+--------+--------+--------+-----+--------+

Top non-repeatable levels by time:
     D:3: 1922 daAuts
     D:1: 1313 daAuts
     D:4: 1159 daAuts
     D:2: 777 daAuts
     D:5: 102 daAuts
 Abyss:2: 77 daAuts
 Abyss:1: 47 daAuts
